 Dungeon Crawl Stone Soup version 0.30-b1-2-g02819fbbbe (webtiles) character file.

Game seed: 18116023495193968508

139391 Metae the Warrior (level 16, -2/152 HPs)
             Began as a Minotaur Fighter on June 15, 2023.
             Was a High Priest of the Shining One.
             Slain by a redback (13 damage)
             ... on level 3 of the Spider Nest on June 16, 2023.
             The game lasted 04:08:04 (36644 turns).

Metae the Warrior (Minotaur Fighter)               Turns: 36644, Time: 04:08:12

Health: -2/152     AC:  1    Str: 28      XL:     16   Next: 73%
Magic:  13/24      EV: 12    Int:  4 (5)  God:    the Shining One [*****.]
Gold:   1349       SH: 21    Dex: 13 (14) Spells: 15/15 levels left

rFire   . . .        a - +5 spear "Neydd" {venom, +Blink Stlth+}
rCold   . . .        I - +0 kite shield
rNeg    + + .        H - +1 plate armour
rPois   +            (helmet restricted)
rElec   .            C - +0 cloak
rCorr   .            h - +1 pair of gloves {Dex+3}
SInv    .            K - +1 pair of boots
Will    +....        (no amulet) Stlth
                     J - +5 ring of evasion
HPRegen 0.45/turn    A - ring of poison resistance
MPRegen 0.19/turn

%: no passive effects
@: divinely shielded, marked, corroded, glowing
A: horns 2, retaliatory headbutt
a: Renounce Religion, Evoke Blink, Divine Shield, Cleansing Flame, Summon Divine
Warrior


You were on level 3 of the Spider Nest.
You worshipped the Shining One.
The Shining One was extremely pleased with you.
You visited 5 branches of the dungeon, and saw 22 of its levels.
You also visited: Sewer.

You collected 2533 gold pieces.
You spent 1184 gold pieces at shops.

Inventory:

Hand Weapons
 a - the +5 spear "Neydd" (weapon) {venom, +Blink Stlth+}
   (You found it in a sewer)

   +Blink:    It lets you blink.
   Stlth:     It makes you more stealthy.
 b - a +2 sling of flaming
 Q - a +3 morningstar of protection
Missiles
 g - 59 poisoned darts
 p - 231 stones
 Y - 8 curare-tipped darts
Armour
 h - a +1 pair of gloves of dexterity (worn)
 C - a +0 cloak (worn)
 H - a +1 plate armour (worn)
 I - a +0 kite shield (worn)
 K - a +1 pair of boots (worn)
Jewellery
 o - a ring of ice
 s - a ring of protection from cold
 w - a +6 ring of dexterity
 A - a ring of poison resistance (right hand)
 B - a ring of positive energy
 E - a ring of poison resistance
 J - a +5 ring of evasion (left hand)
 N - a ring of willpower
 W - the ring "Cetowini" {rF+ rN+ Dex+6 Stlth-}
   (You bought it in a shop on level 2 of the Orcish Mines)

   [ring of dexterity]

   Dex:       It affects your dexterity (+6).
   rF:        It protects you from fire.
   rN:        It protects you from negative energy.
   Stlth:     It makes you less stealthy.
Wands
 c - a wand of paralysis (8) (quivered)
 m - a wand of acid (5)
 u - a wand of polymorph (4)
 L - a wand of mindburst (10)
 P - a wand of iceblast (2)
 R - a wand of flame (27)
Scrolls
 f - 6 scrolls of enchant weapon
 i - 7 scrolls of poison
 j - a scroll of identify
 v - 9 scrolls of teleportation
 D - 3 scrolls of magic mapping
 G - 6 scrolls of amnesia
 M - 2 scrolls of silence
 O - 5 scrolls of fear
 V - 4 scrolls of summoning
 Z - 2 scrolls of brand weapon
Potions
 d - 9 potions of ambrosia
 e - a potion of resistance
 k - 7 potions of mutation
 l - 3 potions of brilliance
 q - 3 potions of curing
 r - 2 potions of haste
 t - a potion of magic
 S - a potion of invisibility
 U - a potion of might
 X - a potion of cancellation
Miscellaneous
 n - a lightning rod (2/4)
 T - a phantom mirror


   Skills:
 + Level 16.7 Fighting
 - Level 4.0 Maces & Flails
 + Level 16.0 Polearms
 + Level 16.6 Armour
 + Level 8.3 Shields
 + Level 12.7 Invocations
 + Level 10.3 Evocations


You had 15 spell levels left.
You didn't know any spells.
Your spell library contained the following spells:

 Spells                   Type           Power      Damage    Failure   Level
 Freeze                   Ice            0%         1d3       99%         1
 Kiss of Death            Conj/Necr      0%         2d5       99%         1
 Magic Dart               Conj           0%         1d3       99%         1
 Sting                    Tmut/Pois      0%         1d3       99%         1
 Call Imp                 Summ           0%         N/A       100%        2
 Poisonous Vapours        Pois/Air       0%         N/A       100%        2
 Confusing Touch          Hex            0%         N/A       100%        3
 Frozen Ramparts          Ice            0%         1d1       100%        3
 Hailstorm                Conj/Ice       0%         3d3       100%        3
 Mephitic Cloud           Conj/Pois/Air  0%         N/A       100%        3
 Ozocubu's Armour         Ice            0%         N/A       100%        3
 Volatile Blastmotes      Fire/Tloc      0%         2d10      100%        3
 Dispel Undead            Necr           0%         3d6       100%        4
 Fulminant Prism          Conj/Hex       0%         3d5       100%        4
 Iskenderun's Mystic Bla  Conj/Tloc      0%         2d3       100%        4
 Olgreb's Toxic Radiance  Pois           0%         N/A       100%        4
 Freezing Cloud           Conj/Ice/Air   0%         6-21      100%        5
 Lee's Rapid Deconstruct  Erth           0%         3d4*      100%        5
 Ozocubu's Refrigeration  Ice            0%         4d7       100%        7
 Polar Vortex             Ice            0%         N/A       100%        9


Dungeon Overview and Level Annotations

Branches:
Dungeon (11/15)            Temple (1/1) D:7            Lair (5/5) D:9
 Shoals (0/4) Lair:3       Spider (3/4) Lair:2        Slime (0/5) Lair:5
    Orc (2/2) D:11            Elf (0/3) Orc:2         Sewer (visited)

Altars:
Ashenzari
Cheibriados
Dithmenos
Elyvilon
Fedhas
Gozag
Hepliaklqana
Kikubaaqudgha
Makhleb
Nemelex Xobeh
Okawaru
Qazlal
Ru
Sif Muna
Trog
Uskayaw
Vehumet
Wu Jian
Xom
Yredelemnul
Zin
The Shining One
Lugonu

Shops:
D:3 =   Orc:2 =?!:(

Portals:
Trove: D:10 (give +4 fire dragon scales)

Annotations:
Lair:5 exclusion: oklob plant
Spider:3 Roxanne
Orc:2 2 transporters, Domino's ghost, journeyman MiBe


Innate Abilities, Weirdness & Mutations

You have a pair of horns on your head.
You reflexively headbutt those who attack you in melee.


Message History

You headbutt the redback, but do no damage.
You blink.
* * * LOW HITPOINT WARNING * * *
You feel extremely sick. You block the culicivora's attack.
* * * LOW HITPOINT WARNING * * *
You feel extremely sick.
The culicivora bites you but does no damage.
The entropy weaver points at you and mumbles some strange words.
The entropic weave corrodes you!
The tarantella touches you but does no damage.
You feel better.
You feel stable enough to blink again. The culicivora closely misses you.
You furiously retaliate!
You headbutt the culicivora. You block the tarantella's attack.
The entropy weaver casts a spell at you.
The entropic weave corrodes you!
Your shield is strengthened by the Shining One's divine power.
The redback looks more healthy.
The tarantella touches you!
* * * LOW HITPOINT WARNING * * *
The tarantella touches you but does no damage.
You block the redback's attack.
You are momentarily dazzled by a brilliant light.
The entropy weaver casts a spell at you.
The entropic weave corrodes you! You block the tarantella's attack.
An emperor scorpion comes into view.
You block the redback's attack.
An emperor scorpion comes into view.
The redback bites your angel!
The entropy weaver completely misses your angel.
The entropy weaver hits your angel but does no damage.
The entropy weaver misses your angel.
The entropy weaver completely misses your angel.
An emperor scorpion comes into view.
Your angel barely misses the entropy weaver.
Your angel hits the entropy weaver but does no damage.
You block the tarantella's attack. The entropy weaver hits your angel.
The entropy weaver hits your angel! x2; The entropy weaver misses your angel.
The redback bites you!
You die...

.......# ..>..
.......# ....
.^..#.#### #####..###
.##......###.# .....
.^#..........###..#
.##.........§#†#..##
^#.###^#..#...[†sB.#
.....######...##ss##
..#.....#<....BA@s.#
..#..#....##....####
^.##......^....## .
>##...^#^.##^.##.....
##...##.###...^.....^
.^....#.#..s#####..#^
..........s^..^...^#
.......#..s####....
...^#.##.#..^#^..#


You could see 3 emperor scorpions, 2 entropy weavers, a culicivora, a
tarantella, 2 redbacks and a friendly angel (summoned).

Vanquished Creatures
  Arachne (Spider:2)
  Jorgrun (Spider:1)
  Rupert (Orc:2)
  An emperor scorpion (Spider:1)
  3 ghost moths
  A dire elephant (Lair:1)
  A fire dragon (Lair:5)
  2 entropy weavers (Spider:1)
  The ghost of Termiter the Reanimator, a journeyman DsNe of Nemelex Xobeh (Lair:1)
  Snorg (Orc:2)
  7 hydras
  3 ogre magi (Orc:2)
  A radroach (Spider:2)
  A centaur warrior (D:9)
  4 boulder beetles
  A catoblepas (Lair:5)
  2 anacondas (Lair:1)
  4 death yaks (Lair:2)
  Sonja (Lair:4)
  2 skysharks (Lair:5)
  5 pharaoh ants
  4 sun moths
  2 fire crabs (Lair:1)
  11 orb spiders
  4 steelbarb worms (Spider:2)
  A lindwurm (Lair:5)
  10 orc sorcerers
  9 wolf spiders
  A deep elf pyromancer (D:9)
  2 ugly things
  2 cyclopes
  3 moths of wrath
  5 elephants
  Joseph (D:7)
  A merfolk siren (Lair:3)
  An ice statue (Spider:1)
  2 torpor snails (Spider:2)
  10 black mambas
  7 demonic crawlers
  9 cane toads
  A gargoyle (D:10)
  3 molten gargoyles (Lair:5)
  3 unseen horrors
  A tengu conjurer (D:9)
  7 komodo dragons
  3 rime drakes
  2 kobold demonologists (D:10)
  6 trolls
  A polar bear (D:9)
  A queen bee (Lair:3)
  16 blink frogs
  16 tarantellas
  7 dream sheep
  11 culicivoras
  15 jumping spiders
  8 wraiths
  49 yaks
  9 wyverns
  3 fire bats (Lair:2)
  8 basilisks
  47 redbacks
  4 steam dragons
  8 wargs
  An acid dragon (D:10)
  4 hell hounds (Lair:5)
  13 water moccasins
  13 orc warriors
  2 sky beasts (D:7)
  3 black bears
  3 ice beasts (D:9)
  6 ogres
  2 wolves (D:9)
  4 centaurs
  3 phantoms (D:6)
  3 kobold brigands
  14 bullfrogs
  A gnoll sergeant (D:7)
  4 scorpions
  31 killer bees
  4 wights (D:8)
  2 electric eels
  5 lava snakes (Lair:5)
  4 hounds
  4 jellies (Sewer)
  A gnoll bouda (D:9)
  15 orc priests
  A sleepcap (D:8)
  4 iguanas
  33 orc wizards
  5 hell rats (Lair:2)
  7 gnolls
  A river rat (Sewer)
  7 adders
  A shadow imp (D:7)
  A worm (D:2)
  5 dart slugs
  53 orcs
  9 ball pythons
  6 bats
  16 endoplasms
  10 giant cockroaches
  5 hobgoblins
  11 jackals
  24 kobolds
  6 quokkas
  5 frilled lizards
  6 goblins
  10 rats
726 creatures vanquished.

Vanquished Creatures (others)
  An angel (D:6)
  A bullfrog (Lair:1)
  An orc (D:7)
  A bush (Lair:3)
  A demonic plant (Temple)
  16 fungi
  42 plants
63 creatures vanquished.

Grand Total: 789 creatures vanquished

Notes
Turn   | Place    | Note
-------+----------+-------------------------------------------
     0 | D:1      | Metae the Minotaur Fighter began the quest for the Orb.
     0 | D:1      | Reached XP level 1. HP: 19/19 MP: 0/0
    70 | D:1      | Reached XP level 2. HP: 27/27 MP: 1/1
    99 | D:1      | Found a faded altar of an unknown god.
   415 | D:1      | Reached XP level 3. HP: 20/33 MP: 2/2
  1574 | D:2      | Reached XP level 4. HP: 40/40 MP: 3/3
  1813 | D:3      | Found a glowing drain.
  1831 | Sewer    | Entered a sewer
  2016 | Sewer    | Reached skill level 1 in Evocations
  2016 | Sewer    | Reached XP level 5. HP: 14/47 MP: 4/4
  2317 | Sewer    | Found a viscous altar of Jiyva.
  2419 | Sewer    | Identified the +5 spear "Neydd" {venom, +Blink Stlth+}
  2570 | D:3      | Found Decheh's Jewellery Boutique.
  2688 | D:3      | Reached skill level 5 in Fighting
  2688 | D:3      | Reached XP level 6. HP: 51/56 MP: 5/5
  2742 | D:3      | Reached skill level 5 in Shields
  3286 | D:4      | Reached skill level 1 in Polearms
  3286 | D:4      | Reached skill level 5 in Armour
  3862 | D:4      | Reached XP level 7. HP: 41/61 MP: 6/6
  4197 | D:4      | Found a hide-covered altar of Uskayaw.
  4561 | D:5      | Entered Level 5 of the Dungeon
  5167 | D:5      | Found a blossoming altar of Fedhas.
  5422 | D:6      | Reached XP level 8. HP: 68/71 MP: 7/7
  5476 | D:6      | Found a glowing silver altar of Zin.
  5478 | D:6      | Noticed an angel
  5483 | D:6      | Found a shimmering altar of Xom.
  5747 | D:6      | Found an opulent altar of Gozag.
  5767 | D:6      | Killed an angel
  6449 | D:6      | Identified the +0 helmet of Vanity {Stlth+}
  6674 | D:7      | Reached skill level 5 in Polearms
  6684 | D:7      | Reached XP level 9. HP: 79/79 MP: 8/8
  6989 | D:7      | Found a staircase to the Ecumenical Temple.
  7044 | Temple   | Entered the Ecumenical Temple
  7412 | D:7      | Noticed Joseph
  7415 | D:7      | Found a bloodstained altar of Trog.
  7434 | D:7      | Killed Joseph
  7843 | Temple   | Became a worshipper of the Shining One
  7906 | D:8      | Reached skill level 5 in Evocations
  8090 | D:8      | Reached skill level 1 in Invocations
  8810 | D:8      | Found a sacrificial altar of Ru.
  8988 | D:8      | Reached XP level 10. HP: 90/90 MP: 10/10
  9390 | D:9      | Found a radiant altar of Vehumet.
  9391 | D:9      | Reached * piety under the Shining One
  9422 | D:9      | Noticed a boulder beetle
  9853 | D:9      | Killed a boulder beetle
  9964 | D:9      | Found a staircase to the Lair.
 10010 | D:9      | Found an ornate altar of the Wu Jian Council.
 10356 | D:9      | Noticed a green ugly thing
 10356 | D:9      | Noticed a deep elf pyromancer
 10362 | D:9      | Noticed a cyclops
 10364 | D:9      | Killed a green ugly thing
 10367 | D:9      | Noticed a seven-headed hydra
 10369 | D:9      | Noticed a centaur warrior
 10388 | D:9      | Reached skill level 10 in Fighting
 10390 | D:9      | Killed a deep elf pyromancer
 10391 | D:9      | Reached XP level 11. HP: 89/99 MP: 13/13
 10396 | D:9      | Reached skill level 10 in Armour
 10402 | D:9      | Killed a seven-headed hydra
 10412 | D:9      | Reached skill level 5 in Invocations
 10418 | D:9      | Killed a centaur warrior
 10431 | D:9      | Got the Tractate on Rime
 10793 | Lair:1   | Entered Level 1 of the Lair of Beasts
 11738 | Lair:1   | Found a runed translucent door.
 11740 | Lair:1   | Noticed Termiter's ghost (journeyman DsNe)
 11970 | Lair:1   | Reached ** piety under the Shining One
 12007 | Lair:1   | Noticed an anaconda
 12007 | Lair:1   | Noticed a fire crab
 12012 | Lair:1   | Killed an anaconda
 12014 | Lair:1   | Reached skill level 10 in Polearms
 12352 | Lair:1   | Killed a fire crab
 12353 | Lair:1   | Reached XP level 12. HP: 63/110 MP: 15/15
 12648 | Lair:1   | Noticed an anaconda
 12648 | Lair:1   | Noticed a dire elephant
 13100 | Lair:1   | Killed an anaconda
 13156 | Lair:1   | Killed a dire elephant
 14207 | Lair:2   | Noticed a seven-headed hydra
 14216 | Lair:2   | Killed a seven-headed hydra
 14250 | Lair:2   | Noticed a death yak
 14250 | Lair:2   | Noticed a death yak
 14250 | Lair:2   | Noticed a death yak
 14251 | Lair:2   | Noticed a death yak
 14293 | Lair:2   | Killed a death yak
 14295 | Lair:2   | Killed a death yak
 14300 | Lair:2   | Killed a death yak
 14491 | Lair:2   | Found a hole to the Spider Nest.
 15069 | Lair:3   | Noticed a six-headed hydra
 15105 | Lair:3   | Killed a six-headed hydra
 15465 | Lair:3   | Reached XP level 13. HP: 102/119 MP: 18/18
 16215 | Lair:3   | Found a staircase to the Shoals.
 17373 | Lair:4   | Noticed Sonja
 17383 | Lair:4   | Killed Sonja
 17386 | Lair:4   | Identified the +2 leather armour of the Trombone {-Cast
                  | +Inv rF+ Str+2}
 17661 | Lair:5   | Entered Level 5 of the Lair of Beasts
 17661 | Lair:5   | Reached *** piety under the Shining One
 18630 | Lair:5   | Found a staircase to the Slime Pits.
 18855 | Lair:5   | Reached skill level 10 in Invocations
 19490 | Lair:5   | Reached XP level 14. HP: 111/132 MP: 20/20
 20417 | Lair:5   | Found a large runed translucent door.
 20417 | Lair:5   | Found a large runed translucent door.
 22439 | Lair:1   | Killed Termiter's ghost
 22602 | D:10     | Entered Level 10 of the Dungeon
 22652 | D:10     | Found a portal to a secret trove of treasure.
 22686 | D:10     | Found a snail-covered altar of Cheibriados.
 23027 | D:10     | Found an iron altar of Okawaru.
 23027 | D:10     | Found a sparkling altar of Nemelex Xobeh.
 23591 | D:10     | Reached **** piety under the Shining One
 23621 | D:10     | Found a shimmering blue altar of Sif Muna.
 23675 | D:10     | Found a hazy altar of Hepliaklqana.
 24070 | D:11     | Found a staircase to the Orcish Mines.
 24900 | Orc:1    | Entered Level 1 of the Orcish Mines
 25137 | Orc:2    | Entered Level 2 of the Orcish Mines
 25137 | Orc:2    | Found Wirghoin's Jewellery Shoppe.
 25137 | Orc:2    | Found a staircase to the Elven Halls.
 25205 | Orc:2    | Bought the ring "Cetowini" {rF+ rN+ Dex+6 Stlth-} for 739
                  | gold pieces
 25962 | Orc:2    | Reached skill level 15 in Fighting
 25975 | Orc:2    | Noticed Rupert
 26083 | Orc:2    | Killed Rupert
 26096 | Orc:2    | Reached skill level 15 in Armour
 26101 | Orc:2    | Reached XP level 15. HP: 127/141 MP: 22/22
 26158 | Orc:2    | Found a bloodstained altar of Trog.
 26167 | Orc:2    | Found a transporter.
 26176 | Orc:2    | Noticed Domino's ghost (journeyman MiBe)
 26231 | Orc:2    | Found a transporter.
 26308 | Orc:2    | Noticed Snorg
 26318 | Orc:2    | Killed Snorg
 26361 | Orc:2    | Found Botit's Magic Scroll Shoppe.
 26388 | Orc:2    | Bought a scroll of identify for 34 gold pieces
 26388 | Orc:2    | Bought a scroll of identify for 34 gold pieces
 26434 | Orc:2    | Found a radiant altar of Vehumet.
 26506 | Orc:2    | Found an ancient bone altar of Kikubaaqudgha.
 26538 | Orc:2    | Found Kubyt's Distillery.
 26540 | Orc:2    | Found Unnabiz's Antique Weapon Shoppe.
 26571 | Orc:2    | Found Peirgh's Book Shoppe.
 26617 | Orc:2    | Bought a potion of haste for 130 gold pieces
 26617 | Orc:2    | Bought 2 potions of curing for 78 gold pieces
 26617 | Orc:2    | Bought a potion of curing for 39 gold pieces
 26617 | Orc:2    | Bought a potion of haste for 130 gold pieces
 27041 | Spider:1 | Entered Level 1 of the Spider Nest
 27211 | Spider:1 | Reached ***** piety under the Shining One
 27372 | Spider:1 | Found a frozen archway.
 28374 | Spider:1 | Noticed Jorgrun
 28421 | Spider:1 | The Shining One protects you from harm!
 28427 | Spider:1 | HP: 1/143 [constriction (9)]
 28430 | Spider:1 | Killed Jorgrun
 28431 | Spider:1 | Reached skill level 15 in Polearms
 28930 | Spider:1 | Reached XP level 16. HP: 104/151 MP: 23/23
 29074 | Spider:1 | HP: 3/151 [redback (7)]
 33221 | Spider:2 | Reached skill level 10 in Evocations
 34644 | Spider:3 | Noticed Roxanne
 36015 | Spider:3 | Noticed Arachne
 36044 | Spider:3 | The Shining One protects you from harm!
 36051 | Spider:3 | HP: 7/152 [Arachne/staff of poison (6)]
 36051 | Spider:3 | HP: 3/152 [Arachne/staff of poison (4)]
 36059 | Spider:2 | HP: 4/152 [Arachne/staff of poison (10)]
 36061 | Spider:2 | Killed Arachne
 36644 | Spider:3 | Slain by a redback

Illustrated notes

Levels and vault maps discovered:
D:1:      giann_bridges, layout_basic, ebering_ecumenical_altar_mist
D:2:      layout_loops_ring, serial_park_tiny_pond, feat_on_display
D:3:      layout_basic, gup_sewer_entry_pipe, serial_shops,
          nicolae_shop_gaudy_bauble, minmay_vboxes
D:4:      nicolae_cairo_tiling_large_dashed, layout_loops_ring,
          mainiacjoe_overflow_alcove_4
D:5:      layout_loops_ring, fedhas_altar_3
D:6:      layout_cave_pods, grunt_temple_overflow_order_and_chaos_1,
          nicolae_gozag_cash_rules_everything_around_me,
          chequers_serial_rivers_large_a
D:7:      layout_basic, mainiacjoe_overflow_cross_hatched,
          minmay_temple_entry_offerings, minmay_holes, uniq_joseph
D:8:      layout_loops_ring, nicolae_ru_path_of_blood,
          hangedman_decor_diamond_cutter, roderic_lattice_a
D:9:      minmay_the_grid_triangle_9x9_recursive_2
          [minmay_the_grid_triangle_9x9_prize_center,
          minmay_the_grid_triangle_9x9_minimal,
          minmay_the_grid_triangle_9x9_zippers_vertical,
          minmay_the_grid_triangle_9x9_empty], layout_loops_cross,
          nicolae_wu_jian_wuxing_cycle, vehumet_altar_wand_db,
          hellmonk_lair_entry_icy
D:10:     layout_loops_corners, cheibriados_altar_1, lemuel_tele_altar,
          mainiacjoe_overflow_chevrons, gammafunk_temple_overflow_elements,
          nicolae_trove_entry_free_sample, kennysheep_generic_room_6
D:11:     layout_basic, minmay_orc_entry_guard_dogs
Temple:   corrupted_temple
Lair:1:   layout_big_grid, gammafunk_ghost_grave, nicolae_lair_lakeside_cave,
          serial_bayou_shore_a, lemuel_fruit_tree, grunt_megastairs_4,
          infiniplex_staircase_pool
Lair:2:   layout_roguey, nicolae_spider_entry_tight_spaces,
          nicolae_volcano_entry_batcave, amcnicky_mini_pool_medium
Lair:3:   layout_roguey [special_room_bee], minmay_shoals_entry_lonely_mermaid,
          chequers_serial_rivers_small_3, minmay_shattered_shrine
Lair:4:   layout_roguey, uniq_sonja
Lair:5:   cheibrodos_lair_end_hotspot, layout_regular_city, slime_entry_1,
          minivault_26, minmay_lair_oklob_bushes
Spider:1: layout_chambers, portal_ice_cave_entry_ice_statue_one,
          nicolae_spider_orb_run, uniq_jorgrun
Spider:2: layout_spider_delve, nicolae_spider_checkerboard
Spider:3: layout_spider_delve, nicolae_spider_scorpion_nest, uniq_arachne,
          uniq_roxanne
Orc:1:    layout_caves
Orc:2:    kennysheep_orc_mage_school, layout_caves, serial_shops, shop,
          gammafunk_ghost_wrathful_warriors, uniq_snorg, uniq_rupert

Skill      XL: |  1  2  3  4  5  6  7  8  9 10 11 12 13 14 15 16 |
---------------+-------------------------------------------------+-----
Fighting       | 4 5 6 7 8 10 11 12 14 15 16 | 16.7
Shields        | 4 5 6 7 8 |  8.3
Armour         | 4 5 6 7 8 9 11 12 14 15 16 | 16.6
Maces & Flails | 3 4 |  4.0
Evocations     | 1 2 3 4 5 6 7 8 9 10 | 10.3
Polearms       | 2 3 5 6 8 10 11 13 14 15 16 | 16.0
Invocations    | 2 4 6 8 10 11 12 | 12.7

Action                     |  1- 3 |  4- 6 |  7- 9 | 10-12 | 13-15 | 16-18 || total
---------------------------+-------+-------+-------+-------+-------+-------++-------
  Melee: Flail             |   116 |    81 |       |       |       |       ||   197
         Headbutt          |    12 |    20 |    53 |   190 |   344 |   255 ||   874
         Spear             |       |    53 |   316 |   572 |  1215 |   661 ||  2817
   Fire: Sling             |       |       |       |     9 |    75 |       ||    84
  Throw: Dart              |       |     4 |     7 |     2 |       |       ||    13
 Invoke: Divine Shield     |       |       |       |     4 |     6 |     9 ||    19
         Cleansing Flame   |       |       |       |       |     2 |     4 ||     6
         Summon Divine War |       |       |       |       |       |     1 ||     1
Ability: Evoke Blink       |       |       |       |     2 |       |     1 ||     3
  Evoke: Wand              |       |       |     1 |    17 |    34 |    10 ||    62
         Lightning rod     |       |       |       |       |     7 |     2 ||     9
    Use: Scroll            |       |     3 |    10 |    10 |     9 |     4 ||    36
         Potion            |       |       |       |     4 |    10 |     9 ||    23
 Armour: Scale mail        |    82 |    81 |    13 |       |       |       ||   176
         Plate armour      |       |       |   106 |   202 |   452 |   301 ||  1061
  Dodge: Dodged            |    71 |    89 |   101 |   184 |   387 |   305 ||  1137
  Block: Buckler           |    29 |    35 |    22 |       |       |       ||    86
         Kite shield       |       |       |    86 |   191 |   472 |   418 ||  1167
